 Dungeon Crawl Stone Soup version 0.30.1-3-gfc49f6343a (webtiles) character file.

Game seed: 529780886685730734

42 Cheops the Shield-Bearer (level 3, -3/36 HPs)
             Began as a Troll Fighter on Aug 1, 2023.
             Slain by an orc
             ... wielding a +0 mace
              (6 damage)
             ... on level 2 of the Dungeon.
             The game lasted 00:01:18 (1397 turns).

Cheops the Shield-Bearer (Troll Fighter)            Turns: 1397, Time: 00:01:19

Health: -3/36      AC:  5    Str: 24    XL:     3   Next: 33%
Magic:  2/2        EV:  8    Int:  6    God:
Gold:   121        SH:  7    Dex:  9    Spells: 2/2 levels left

rFire   . .          .
                       - Unarmed
rCold   . . .        b - +0 kite shield
rNeg    . . .        a - +0 robe
rPois   .            (helmet restricted)
rElec   .            t - +0 cloak
rCorr   +            (gloves unavailable)
SInv    .            (boots unavailable)
Will    .....        (no amulet)
Stlth   +            p - ring of resist corrosion
HPRegen 1.06/turn    (no ring)
MPRegen 0.08/turn

%: no passive effects
@: no status effects
A: large, unfitting armour, claws 3, regeneration 1, shaggy fur 1, tough skin 1
a: no special abilities


You were on level 2 of the Dungeon.
You visited 1 branch of the dungeon, and saw 3 of its levels.

You collected 121 gold pieces.

Inventory:

Armour
 a - a +0 robe (worn)
 b - a +0 kite shield (worn)
 t - a +0 cloak (worn)
Jewellery
 d - a ring of ice
 p - a ring of resist corrosion (left claw)
Scrolls
 h - 2 scrolls of teleportation {unknown}
 i - a scroll of poison {unknown}
 j - a scroll of magic mapping {unknown}
 k - 2 scrolls of immolation {unknown}
 l - a scroll of vulnerability {unknown}
 m - a scroll of identify {unknown}
 o - a scroll of silence {unknown}
 q - a scroll of fear {unknown}
 r - a scroll of fog {unknown}
Potions
 c - a potion of might
 e - 2 potions of curing {unknown}
 f - a potion of degeneration {unknown}
 g - a potion of mutation {unknown}
 n - a potion of cancellation {unknown}
 s - a potion of resistance {unknown}


   Skills:
 + Level 2.7 Fighting
 - Level 2.4 Dodging
 + Level 3.0 Shields
 * Level 3.0 Unarmed Combat


You had 2 spell levels left.
You didn't know any spells.
Your spell library contained the following spells:

 Spells                   Type           Power      Damage    Failure   Level
 Magic Dart               Conj           0%         1d3       73%         1
 Searing Ray              Conj           0%         2d4       86%         2
 Fulminant Prism          Conj/Hex       0%         3d5       100%        4


Dungeon Overview and Level Annotations

Branches:
Dungeon (3/15)

Altars:

Annotations:
D:2 Terence


Innate Abilities, Weirdness & Mutations

You are too large for most types of armour.
You have claws for hands.
Your natural rate of healing is unusually fast.
You are covered in fur. (AC +1)
You have tough skin. (AC +1)


Message History

Found a stone staircase leading down.
There is a stone staircase leading up, spattered with blood here.
The orc shouts!
You scratch Terence but do no damage. The orc hits you but does no damage.
The orc hits you with a +1 dagger of pain.
You block Terence's attack. The orc hits you but does no damage.
You block the orc's attack.
The orc hits you with a +1 dagger of pain.
You block Terence's attack. The orc hits you but does no damage.
You climb upwards.
There is a stone staircase leading down here.
You closely miss the orc. Terence says, "How do you enjoy it?"
Terence hits you with a +0 flail. The orc closely misses you.
You block the orc's attack.
The orc hits you with a +1 dagger of pain.
You closely miss the orc. Terence hits you with a +0 flail.
* * * LOW HITPOINT WARNING * * *
The orc hits you but does no damage. The orc hits you with a +0 club.
* * * LOW HITPOINT WARNING * * *
The orc closely misses you.
You barely miss the orc. Terence hits you with a +0 flail.
* * * LOW HITPOINT WARNING * * *
You block the orc's attack. x2; The orc closely misses you.
Terence hits you with a +0 flail.
* * * LOW HITPOINT WARNING * * *
The orc hits you but does no damage. The orc hits you with a +0 mace.
* * * LOW HITPOINT WARNING * * *
You block the orc's attack.
You claw the orc!
You kill the orc!
You block Terence's attack. The orc hits you with a +0 mace.
* * * LOW HITPOINT WARNING * * *
The orc hits you with a +1 dagger of pain.
* * * LOW HITPOINT WARNING * * *
The orc attacks as you move away!
The orc hits you with a +1 dagger of pain.
* * * LOW HITPOINT WARNING * * *
The orc hits you with a +0 mace.
You die...

#.# #.............# #.#
###....######'####### #.#
#.'....# #........ #.#
#.#....############## #.#
#.#....#.....[.....#
##.#####.#....#...........#
#........###..............##
############oo..............
#..........@@...............
##.#############.......###.#
#.# #................###.#
#.# #.####...............#
#.####.# #.####......#####
#......# #.# #...........
######## #.# ############
#.# #.#######


You could see Terence and 2 orcs.

Vanquished Creatures
  A worm (D:2)
  3 dart slugs
  An orc (D:2)
  3 bats
  6 endoplasms
  A goblin (D:1)
  5 quokkas
  3 ball pythons
  A frilled lizard (D:1)
  3 kobolds
  3 rats (D:1)
30 creatures vanquished.

Notes
Turn   | Place    | Note
-------+----------+-------------------------------------------
     0 | D:1      | Cheops the Troll Fighter began the quest for the Orb.
     0 | D:1      | Reached XP level 1. HP: 22/22 MP: 0/0
   110 | D:1      | Reached XP level 2. HP: 29/29 MP: 1/1
   834 | D:2      | Reached XP level 3. HP: 33/36 MP: 2/2
  1389 | D:3      | Noticed Terence
  1397 | D:2      | Slain by an orc

Illustrated notes

Levels and vault maps discovered:
D:1:      moated_graveyard_arrival, layout_basic
D:2:      layout_basic, corexii_corridor_pit, minmay_fountain_box
D:3:      layout_loops_ring, grunt_temple_overflow_lords_of_destruction,
          nicolae_elyvilon_temple_path, led_sif_book, kennysheep_generic_room_4,
          uniq_terence, uniq_ijyb

Skill      XL: |  1  2  3 |
---------------+----------+-----
Shields        | 3 |  3.0
Unarmed Combat | 3 |  3.0
Fighting       | |  2.7
Dodging        | |  2.4

Action                     || total
---------------------------++-------
  Melee: Unarmed           ||    79
 Armour: Robe              ||    24
  Dodge: Dodged            ||    24
  Block: Kite shield       ||    29
